 Dungeon Crawl Stone Soup version 0.30-a0-304-gdc4b735fe1 (webtiles) character file.

Game seed: 10647066094237611829

120 lonewolfV2 the Covered (level 5, -4/33 HPs)
             Began as a Gargoyle Fighter on Oct 20, 2022.
             Slain by an iguana (5 damage)
             ... on level 3 of the Dungeon.
             The game lasted 00:02:43 (2137 turns).

lonewolfV2 the Covered (Gargoyle Fighter)           Turns: 2137, Time: 00:02:45

Health: -4/33      AC: 11    Str: 21    XL:     5   Next: 4%
Magic:  5/5        EV:  9    Int:  9    God:
Gold:   192        SH:  4    Dex:  9    Spells: 4/4 levels left

rFire   . . .      SeeInvis .    a - +0 flail
rCold   . . .      Faith    .    c - +0 buckler
rNeg    + . .      Spirit   .    b - +0 scale mail
rPois   ∞          Reflect  .    (no helmet)
rElec   +          Harm     .    (no cloak)
rCorr   .          Rampage  .    (no gloves)
Will    .....                    (no boots)
Stlth   ..........               (no amulet)
HPRegen 0.25/turn                (no ring)
MPRegen 0.09/turn                (no ring)

@: no status effects
A: sickness immunity, AC +4, negative energy resistance 1, electricity
resistance, torment resistance 1, petrification resistance
a: no special abilities


You were on level 3 of the Dungeon.
You visited 1 branch of the dungeon, and saw 4 of its levels.

You collected 192 gold pieces.

Inventory:

Hand Weapons
 a - a +0 flail (weapon)
Armour
 b - a +0 scale mail (worn)
 c - a +0 buckler (worn)
Jewellery
 p - a ring of ice
Wands
 n - a wand of polymorph (13)
Scrolls
 e - 3 scrolls of teleportation
Potions
 d - 2 potions of might
 f - 2 potions of degeneration
 g - a potion of resistance {unknown}
 h - 2 potions of curing {unknown}
 i - a potion of cancellation {unknown}
 j - a potion of heal wounds {unknown}
 k - a potion of ambrosia {unknown}
 l - a potion of lignification {unknown}
 m - a potion of berserk rage {unknown}
 o - a potion of haste {unknown}
 q - a potion of flight {unknown}


   Skills:
 + Level 3.9 Fighting
 + Level 3.6 Maces & Flails
 + Level 4.1 Armour
 + Level 0.2 Dodging
 + Level 0.1 Stealth
 + Level 3.6 Shields


You had 4 spell levels left.
You didn't know any spells.
Your spell library contained the following spells:

 Spells                   Type           Power      Damage    Failure   Level
 Slow                     Hex            0%         N/A       80%         1
 Confusing Touch          Hex            0%         N/A       99%         3
 Vampiric Draining        Necr           0%         2d6       99%         3


Dungeon Overview and Level Annotations

Branches:
Dungeon (4/15)
 Temple: D:4-7

Altars:
Ashenzari
Trog


Innate Abilities, Weirdness & Mutations

You are immune to sickness and miasma.
Your stone body is resilient. (AC +4)
You are immune to poison.
You resist negative energy. (rN+)
You are resistant to electric shocks. (rElec)
You are resistant to unholy torment.
You are immune to petrification.


Message History

The orc shouts! x2
The goblin shoots a sling bullet.
The sling bullet hits you but does no damage.
You hit the necrophage.
The necrophage is lightly damaged.
You block the iguana's attack. The necrophage closely misses you.
The goblin shoots a sling bullet.
The sling bullet barely misses you.
You sock the necrophage!
The necrophage is heavily damaged.
The iguana bites you! The necrophage hits you.
You block the necrophage's attack.
The goblin shoots a sling bullet.
You block the sling bullet.
The goblin shoots a sling bullet.
The sling bullet completely misses you. You block the iguana's attack.
The necrophage hits you but does no damage.
There is a stone staircase leading up here.
You block the iguana's attack. The necrophage hits you.
You climb upwards.
There is a stone staircase leading down here.
You sock the iguana!
The iguana is heavily wounded.
The necrophage hits you but does no damage.
The iguana bites you but does no damage.
The necrophage barely misses you. The iguana bites you.
You closely miss the iguana.
The iguana is heavily wounded.
The necrophage hits you but does no damage.
The iguana bites you but does no damage.
You barely miss the iguana.
The iguana is heavily wounded.
The necrophage hits you but does no damage.
The iguana bites you.
* * * LOW HITPOINT WARNING * * *
You hit the iguana.
The iguana is heavily wounded.
The necrophage barely misses you. The iguana barely misses you.
The necrophage hits you.
* * * LOW HITPOINT WARNING * * *
The iguana bites you.
You die...

#............###.#...#.###.
#.##.........###...#.#..###
###.....÷)..#........#.#.....
#...........#.####........###
#.##........#......#.#.(#.#
##.#.........#........##.#.#
#....####.............##.#.#
#...........n...##.......#.#
#....###.....@..##.........#
##............l..##.........###
##..........>.....##.......#....
#.................######.(...>..
#............###### ###......
#............# #......
##.........#.# #.....†
##...#...#..# ##.....
########..## ########......


You could see a necrophage and an iguana.

Vanquished Creatures
  An iguana (D:4)
  4 adders
  3 worms (D:2)
  2 dart slugs (D:1)
  4 orcs (D:3)
  8 ball pythons
  3 endoplasms
  3 giant cockroaches
  2 hobgoblins
  3 quokkas
  2 bats
  3 frilled lizards
  4 goblins
  2 kobolds
  4 rats
48 creatures vanquished.

Notes
Turn   | Place    | Note
-------+----------+-------------------------------------------
     0 | D:1      | lonewolfV2 the Gargoyle Fighter began the quest for the
                  | Orb.
     0 | D:1      | Reached XP level 1. HP: 14/14 MP: 1/1
    38 | D:1      | Found a faded altar of an unknown god.
   246 | D:1      | Reached XP level 2. HP: 10/19 MP: 2/2
   739 | D:2      | Reached XP level 3. HP: 21/23 MP: 3/3
   945 | D:2      | Found a bloodstained altar of Trog.
  1050 | D:2      | Reached skill level 4 in Armour
  1118 | D:2      | Reached XP level 4. HP: 4/29 MP: 4/4
  2111 | D:4      | Reached XP level 5. HP: 25/33 MP: 5/5
  2125 | D:4      | Found a broken altar of Ashenzari.
  2137 | D:3      | HP: 1/33 [necrophage (6)]
  2137 | D:3      | Slain by an iguana

Illustrated notes

Levels and vault maps discovered:
D:1:      dpeg_arrival_tiny_a, layout_loops_cross,
          ebering_ecumenical_altar_mist, minmay_misc_feat_room
D:2:      layout_rooms, basic_altar
D:3:      layout_rooms
D:4:      layout_rooms, nicolae_ashenzari_skybound, okawaru_gym_becter,
          hangedman_decor_diamond_cutter, moated_statue

Skill      XL: |  1  2  3  4 |
---------------+-------------+-----
Armour         | 4 |  4.1
Maces & Flails | 3 |  3.6
Fighting       | |  3.9
Dodging        | |  0.2
Stealth        | |  0.1
Shields        | |  3.6

Action                   |  1- 3 |  4- 6 || total
-------------------------+-------+-------++-------
Melee: Flail             |   120 |    91 ||   211
  Use: Scroll            |     3 |     1 ||     4
Armor: Scale mail        |    61 |    56 ||   117
Dodge: Dodged            |    75 |    56 ||   131
Block: Buckler           |    22 |    28 ||    50

Table legend: (Time is in decaauts)
 A = Elapsed time spent in this place.
 B = Non-inter-level travel time spent in this place.
 C = Inter-level travel time spent in this place.
 D = Time resting spent in this place.
 E = Time spent auto-exploring this place.
 F = Levels seen in this place.
 G = Mean time per level.
                   A        B        C        D        E       F      G
               +--------+--------+--------+--------+--------+-----+--------+
         Total |   2199 |   2147 |     52 |    301 |   1246 |   4 |  549.8 |
       Dungeon |   2199 |   2147 |     52 |    301 |   1246 |   4 |  549.8 |
               +--------+--------+--------+--------+--------+-----+--------+

Top non-repeatable levels by time:
     D:2: 800 daAuts
     D:1: 742 daAuts
     D:3: 625 daAuts
     D:4: 31 daAuts
